[Event "*** Titled Tuesday Blitz"]
[Site "Chess.com"]
[Date "2021.03.30"]
[Round "7"]
[White "Nice_2_M8te_U"]
[Black "Volodar_Murzin"]
[Result "0-1"]
[WhiteElo "2573"]
[BlackElo "2763"]
[TimeControl "180+1"]
[EndTime "11:17:56 PDT"]
[Termination "Volodar_Murzin won by resignation"]

1. d4 Nf6 2. Nc3 d5 3. Bf4 c5 4. e3 a6 5. dxc5 Nc6 6. Nf3 e6 7. Na4 Bxc5 8. Nxc5 Qa5+ 9. c3 Qxc5 10. Bd3 O-O 11. O-O Re8 12. Ne5 Nxe5 13. Bxe5 Nd7 14. Bg3 e5 15. Rc1 Nf6 16. c4 d4 17. exd4 Qxd4 18.
Re1 e4 19. Bf1 Qxb2 20. Qb3 Qxb3 21. axb3 Bd7 22. Bh4 Bc6 23. Bxf6 gxf6 24. g3 a5 25. Bg2 Rad8 26. Rcd1 Kg7 27. Kf1 f5 28. Ke2 Kf6 29.
Ke3 Rd3+ 30. Kf4 Rxb3 31. Re3 Rb2 32. Rf1 a4 33. Bh3 Re5 34. g4 fxg4 35. Bxg4 h5 36.
Bc8 Rc5 37. Rc3 b5 38. Rd3 exd3 0-1

[Event "*** Titled Tuesday Blitz"]
[Site "Chess.com"]
[Date "2021.03.30"]
[Round "7"]
[White "eCztery"]
[Black "maximnovik"]
[Result "0-1"]
[WhiteElo "2387"]
[BlackElo "2562"]
[TimeControl "180+1"]
[EndTime "11:17:56 PDT"]
[Termination "maximnovik won by resignation"]

1. e4 c6 2. Nc3 d5 3. Nf3 Bg4 4.
h3 Bxf3 5. Qxf3 e6 6. d3 Nf6 7. Qg3 g6 8. Bd2 Qb6 9. O-O-O d4 10. Nb1 c5 11. Na3 Qa6 12. c4 Nc6 13. Nb5 Qxa2 14.
Nc7+ Kd7 15. Nxa8 Bd6 16. Qf3 Be5 17. Be2 Rxa8 18. Kc2 Qa4+ 19. Kb1 Nb4 20. Bxb4 cxb4 21. Kc1 Qa2 22. Kd2 Qxb2+ 23. Ke1 a5 24. g4 Ke7 25.
Kf1 a4 26. Kg2 b3 27. Rb1 Qc3 28. Rhc1 Qb4 29. Bd1 Nd7 30. Qe2 g5 31. Kf1 Bf4 32.
f3 Bxc1 33. Rxc1 b2 34. Rb1 a3 35. f4 Qc3 36. fxg5 a2 37. Rxb2 a1=Q 38. Rxb7 Qcc1 39. Qf2 Qxd1+ 40. Kg2 Ra2 0-1

[Event "*** Titled Tuesday Blitz"]
[Site "Chess.com"]
[Date "2021.03.30"]
[Round "7"]
[White "Mazanchenko_Dmitry"]
[Black "tandaleo"]
[Result "0-1"]
[WhiteElo "2210"]
[BlackElo "2353"]
[TimeControl "180+1"]
[EndTime "11:17:56 PDT"]
[Termination "tandaleo won on time"]

1. e4 e6 2. d4 d5 3. Nc3 Bb4 4.
Ne2 Nf6 5. Bg5 dxe4 6. a3 Be7 7. Bxf6 Bxf6 8. Nxe4 b6 9. Nxf6+ gxf6 10. Nc3 Bb7 11.
Qd2 Nd7 12. O-O-O Qe7 13. d5 e5 14. Nb5 Nc5 15. d6 cxd6 16. Nxd6+ Kf8 17. Qh6+ Kg8 18. Nf5 Qf8 19. Qxf6 h5 20. Bc4 Ne4 21. Ne7+ Kh7 22. Qf5+ Kg7 23. Qxe5+ f6 24. Nf5+ Kg6 25. Qf4 Rd8 26.
f3 Ng5 27. h4 Nf7 28. Bd3 Rxd3 29. Rxd3 Ne5 30. Rd6 Bc8 31. Qg3+ Kf7 32. Rhd1 Bxf5 33.
Qf4 Qc8 0-1

[Event "*** Titled Tuesday Blitz"]
[Site "Chess.com"]
[Date "2021.03.30"]
[Round "7"]
[White "scarabee43"]
[Black "Eternauta2400"]
[Result "1-0"]
[WhiteElo "2574"]
[BlackElo "2388"]
[TimeControl "180+1"]
[EndTime "11:17:57 PDT"]
[Termination "scarabee43 won by resignation"]

1. d4 Nf6 2. c4 e6 3. Nf3 c5 4. d5 exd5 5. cxd5 d6 6. Nc3 g6 7. e4 Bg7 8. Nd2 Nbd7 9. Be2 O-O 10. O-O Re8 11. a4 a6 12. f4 Qc7 13. Qc2 Rb8 14. Kh1 c4 15. Bxc4 b5 16. axb5 axb5 17. Bd3 b4 18. Nd1 Nc5 19. Nf2 b3 20. Qb1 Bd7 21.
Rd1 Nxd3 22. Qxd3 Qc2 23. Qf3 Rb4 24. Ra7 Bb5 25. h3 Nxd5 26. f5 gxf5 27. Qxf5 Ne7 28.
Qg5 Ng6 29. Nf3 Qxf2 30. Rb7 h6 31. Qf5 Bf1 32. Qxf7+ 1-0

[Event "*** Titled Tuesday Blitz"]
[Site "Chess.com"]
[Date "2021.03.30"]
[Round "7"]
[White "CrushingKings"]
[Black "GMHess"]
[Result "0-1"]
[WhiteElo "2456"]
[BlackElo "2752"]
[TimeControl "180+1"]
[EndTime "11:17:58 PDT"]
[Termination "GMHess won by resignation"]

1. e4 g6 2. d4 Bg7 3. Nc3 a6 4.
a4 d6 5. Be3 e6 6. Qd2 Ne7 7. Bh6 Bxh6 8. Qxh6 Nbc6 9. Nf3 d5 10.
Qg7 Rf8 11. Ng5 Nf5 12. exf5 Qxg5 13. h4 Qxf5 14. Bd3 Qg4 15. Ne2 Nb4 16. Qe5 Bd7 17. Kf1 Nxd3 18. cxd3 Qf5 19. Qxc7 Qxd3 20. Rh3 Qd2 21.
Qxb7 Ke7 22. Qb3 Rfb8 23. Qa3+ Qb4 24. Qe3 Qxb2 25. Rc1 Rc8 26. Re1 Bxa4 27. h5 Bb5 28. Kg1 Bxe2 29. Rxe2 Qc1+ 30. Kh2 Qxe3 31. Rhxe3 Rc4 32.
Rb3 Rc7 33. Rb7 Rxb7 0-1

[Event "*** Titled Tuesday Blitz"]
[Site "Chess.com"]
[Date "2021.03.30"]
[Round "7"]
[White "monikarozman"]
[Black "WinnieTPooh"]
[Result "1-0"]
[WhiteElo "2228"]
[BlackElo "1942"]
[TimeControl "180+1"]
[EndTime "11:17:58 PDT"]
[Termination "monikarozman won on time"]

1. d4 Nf6 2. c4 c5 3. d5 e6 4. Nc3 exd5 5. cxd5 d6 6. Nf3 g6 7.
Bf4 a6 8. a4 Bg7 9. h3 O-O 10. e3 Qe7 11. Bd3 Nbd7 12. O-O Rb8 13. Bh2 Ne8 14. Qe2 Nc7 15. e4 Re8 16. Rae1 b6 17. Kh1 h5 18. Nd2 Ne5 19. f4 Nxd3 20. Qxd3 b5 21. axb5 axb5 22. e5 Bf5 23. Qf3 Qd7 24.
Nde4 dxe5 25. Nxc5 Qe7 26. N5e4 Qb4 27. d6 1-0

[Event "*** Titled Tuesday Blitz"]
[Site "Chess.com"]
[Date "2021.03.30"]
[Round "7"]
[White "Pantata007"]
[Black "Fortitudine"]
[Result "0-1"]
[WhiteElo "2369"]
[BlackElo "2277"]
[TimeControl "180+1"]
[EndTime "11:17:59 PDT"]
[Termination "Fortitudine won by resignation"]

1. d4 Nf6 2. c4 c5 3. d5 b5 4. cxb5 a6 5. bxa6 g6 6. Nc3 Bg7 7. e4 O-O 8. a7 Rxa7 9. Nf3 d6 10.
Qc2 Na6 11. Bc4 Nd7 12. O-O Ne5 13. Nxe5 Bxe5 14. Be3 Ra8 15. a3 Qa5 16. Rac1 Bd7 17. f4 Bg7 18. Bf2 Rfb8 19. Bh4 Qd8 20. f5 Nc7 21. Rce1 Nb5 22. Nxb5 Bxb5 23. Bxb5 Rxb5 24. Rb1 Rab8 25. b4 cxb4 26. axb4 Rxb4 27. Rxb4 Rxb4 28.
Kh1 Rb8 29. Bg3 Rc8 30. Qf2 Bf6 31. fxg6 hxg6 32. h4 Kg7 33. h5 Qh8 34. Qf3 Qxh5+ 35. Qxh5 gxh5 36. Bf4 Kg6 37. Kh2 Rc4 38. Re1 Rd4 39.
g3 Rd3 40. Kh3 h4 41. Kg4 hxg3 42. Bxg3 Bc3 43. Bf4 Bxe1 0-1

[Event "*** Titled Tuesday Blitz"]
[Site "Chess.com"]
[Date "2021.03.30"]
[Round "7"]
[White "dosto07"]
[Black "pastouche06"]
[Result "0-1"]
[WhiteElo "2412"]
[BlackElo "2551"]
[TimeControl "180+1"]
[EndTime "11:18:01 PDT"]
[Termination "pastouche06 won on time"]

1. d4 d5 2. Nf3 Nf6 3. Bf4 c5 4. e3 Nc6 5. Nbd2 e6 6. c3 Bd6 7. Bg3 O-O 8. Bb5 Be7 9. Bxc6 bxc6 10. Ne5 Qb6 11. Qb3 Qa6 12. c4 cxd4 13. exd4 Nh5 14.
O-O Nxg3 15. hxg3 Bd6 16. c5 Rb8 17. Qc2 Bc7 18. Rfe1 f6 19. Nd3 Qb5 20. b4 Ba6 21. Re3 Rbe8 22. Rae1 Bc8 23. a4 Qb8 24. Nb3 e5 25. dxe5 fxe5 26. Rf3 e4 27. Rxf8+ Rxf8 28. Nb2 Be5 29. Nd2 Qxb4 0-1

[Event "*** Titled Tuesday Blitz"]
[Site "Chess.com"]
[Date "2021.03.30"]
[Round "7"]
[White "Agoking701"]
[Black "artichaud"]
[Result "1-0"]
[WhiteElo "2321"]
[BlackElo "2107"]
[TimeControl "180+1"]
[EndTime "11:18:01 PDT"]
[Termination "Agoking701 won on time"]

1. e4 d5 2. exd5 Qxd5 3. Nc3 Qd6 4. d4 Nf6 5. Nf3 a6 6. g3 Bg4 7. Bf4 Qb4 8. Be2 Nc6 9. h3 Bxf3 10. Bxf3 Nxd4 11.
O-O O-O-O 12. Bg2 Nb3 13. Qf3 Nxa1 14. a3 Qb6 15. Na4 Qc6 16. Qe3 Nd5 17. Qa7 e6 18. Rd1 Bd6 19. Bxd6 cxd6 20. Bxd5 exd5 21. Nb6+ Kc7 22.
Nxd5+ Kd7 23. Nb6+ Ke6 24. Rxa1 Kf6 25. Rd1 Rhe8 26.
Nd5+ 1-0

[Event "*** Titled Tuesday Blitz"]
[Site "Chess.com"]
[Date "2021.03.30"]
[Round "7"]
[White "HouseOfDurin"]
[Black "Grineva_Marianna"]
[Result "1-0"]
[WhiteElo "2150"]
[BlackElo "2250"]
[TimeControl "180+1"]
[EndTime "11:18:02 PDT"]
[Termination "HouseOfDurin won by resignation"]

1. d4 d6 2. Bg5 c6 3. h4 h6 4. Bf4 Nd7 5. e3 e5 6. dxe5 dxe5 7. Bg3 Ngf6 8. Bc4 Bb4+ 9. c3 Be7 10. Nf3 Ng4 11.
Nbd2 Qb6 12. Qb3 O-O 13. Nh2 Nxe3 14. Qxb6 Nxg2+ 15. Kf1 Nxb6 16. Kxg2 Nxc4 17. Nxc4 f6 18. f4 Be6 19. Ne3 Bc5 20. Rhe1 exf4 21. Bxf4 g5 22. Bg3 Rae8 23. Neg4 Kg7 24. b4 Bd5+ 25. Kh3 Bb6 26. h5 Be4 27. Re2 f5 28. Be5+ Kh7 29. Nf6+ Rxf6 30.
Bxf6 g4+ 31. Kh4 Bc7 32. Rae1 Re6 33. Nxg4 fxg4 34. Rxe4 Rxf6 35. Re7+ Kg8 36. Rxc7 1-0

[Event "*** Titled Tuesday Blitz"]
[Site "Chess.com"]
[Date "2021.03.30"]
[Round "7"]
[White "BrandonJacobson"]
[Black "GigaQuparadze"]
[Result "0-1"]
[WhiteElo "2969"]
[BlackElo "2895"]
[TimeControl "180+1"]
[EndTime "11:18:03 PDT"]
[Termination "GigaQuparadze won by checkmate"]

1. d4 Nf6 2. c4 e6 3. Nf3 b6 4. g3 Bb4+ 5. Bd2 Be7 6. Bg2 c6 7. Bf4 O-O 8. Nc3 d5 9. Qd3 Ba6 10. b3 c5 11. dxc5 Bxc5 12. Ne5 Nbd7 13. Nxd7 Qxd7 14.
Bg5 Ng4 15. O-O h6 16. Bf4 Rad8 17. Rad1 e5 18. Bc1 d4 19. Nd5 Be7 20. Be4 Nf6 21. Nxf6+ Bxf6 22. e3 Bb7 23. exd4 exd4 24. Rfe1 Rfe8 25.
Bf4 Qc8 26. Bc1 Bxe4 27. Rxe4 Rxe4 28. Qxe4 Re8 29. Qf3 Qe6 30. Bb2 Rd8 31. Qd3 h5 32. b4 h4 33. c5 bxc5 34. bxc5 h3 35. Qf3 Qxa2 36. Bc1 Qc2 37. c6 d3 38. Bf4 d2 39. c7 Re8 40. Bxd2 Qxc7 41. Bf4 Qc2 42. Qg4 a5 43. Rf1 Qc8 44. Qh5 a4 45. Qa5 Qa8 46. Qh5 Qg2# 0-1

[Event "*** Titled Tuesday Blitz"]
[Site "Chess.com"]
[Date "2021.03.30"]
[Round "7"]
[White "QuintilianoR"]
[Black "Ermito2020"]
[Result "0-1"]
[WhiteElo "2706"]
[BlackElo "2527"]
[TimeControl "180+1"]
[EndTime "11:18:04 PDT"]
[Termination "Ermito2020 won by resignation"]

1. Nf3 Nf6 2. c4 g6 3. Nc3 Bg7 4. d4 d6 5. e4 O-O 6. Be2 e5 7. O-O Nc6 8. d5 Ne7 9. b4 a5 10. Ba3 axb4 11. Bxb4 b6 12. a4 Nh5 13. g3 f5 14. a5 bxa5 15. Bxa5 Bd7 16. c5 fxe4 17. cxd6 exf3 18. dxe7 Qxe7 19. Bxf3 e4 20. Bxh5 gxh5 21. d6 Qxd6 22. Qxh5 Rf5 23. Qd1 Rfxa5 24. Rxa5 Rxa5 25. Nxe4 Qxd1 26. Rxd1 Bg4 27. Rd8+ Kf7 28. h3 Bf5 29.
Nd2 Ra1+ 30. Kg2 Rd1 31. g4 Be4+ 32. f3 Bc3 33. Rc8 Rxd2+ 34. Kg3 Be5+ 0-1

[Event "*** Titled Tuesday Blitz"]
[Site "Chess.com"]
[Date "2021.03.30"]
[Round "7"]
[White "annacramling"]
[Black "malakismayil"]
[Result "0-1"]
[WhiteElo "2089"]
[BlackElo "2321"]
[TimeControl "180+1"]
[EndTime "11:18:04 PDT"]
[Termination "malakismayil won on time"]

1. d4 Nf6 2. c4 e6 3. Nc3 Bb4 4. Qc2 O-O 5. e4 b6 6. e5 Ne8 7. Bd3 f5 8. Nf3 Bb7 9. O-O Bxf3 10. gxf3 Bxc3 11. bxc3 Qh4 12. f4 Nc6 13. f3 Kh8 14. Ba3 Rg8 15. d5 Nd8 16. Rf2 Qxf4 17. Qe2 Nf7 18.
Re1 Ng5 19. Qf1 Qh4 20. Kh1 Nh3 21. Rg2 Nf4 22. Rg3 g5 23. Bc2 Ng7 24. Be7 Ngh5 25. Rg1 Rae8 26. Bf6+ Nxf6 27. exf6 Rgf8 28. Bxf5 exf5 29.
Rxe8 Rxe8 0-1

[Event "*** Titled Tuesday Blitz"]
[Site "Chess.com"]
[Date "2021.03.30"]
[Round "7"]
[White "carloseduar100"]
[Black "grandcoach"]
[Result "0-1"]
[WhiteElo "2094"]
[BlackElo "2263"]
[TimeControl "180+1"]
[EndTime "11:18:04 PDT"]
[Termination "grandcoach won by resignation"]

1. e4 c5 2. c3 Nf6 3. Bd3 d5 4.
e5 Nfd7 5. Nf3 Nc6 6. Qe2 g6 7. Bc2 Bg7 8. e6 Nde5 9. Nxe5 Nxe5 10. d4 cxd4 11. cxd4 Nc6 12. exf7+ Kxf7 13. Be3 Qb6 14.
Nc3 Nxd4 15. Bxd4 Qxd4 16. Nxd5 Be6 17. Nc7 Qb4+ 18. Kf1 Bc4 19. Bd3 Bxd3 20. Qxd3 Rad8 21. Qf3+ Bf6 22. g3 Qc4+ 23. Kg2 Qxc7 24. Rac1 Qb6 25. b3 Rd2 26. a4 Rhd8 27. Rhe1 R8d5 28. Rc2 Rf5 29.
Qxf5 gxf5 30. Rxd2 Qxb3 31. Rd7 Qxa4 32. Red1 b5 33. h4 b4 34. Kh3 b3 35. f3 b2 36. g4 fxg4+ 37. fxg4 Qb3+ 38. Kg2 b1=Q 39. Rxb1 Qxb1 0-1

[Event "*** Titled Tuesday Blitz"]
[Site "Chess.com"]
[Date "2021.03.30"]
[Round "7"]
[White "ecwinslow"]
[Black "MalyDominator"]
[Result "0-1"]
[WhiteElo "2288"]
[BlackElo "2491"]
[TimeControl "180+1"]
[EndTime "11:18:05 PDT"]
[Termination "MalyDominator won on time"]

1. e4 c5 2. Nf3 d6 3. d4 cxd4 4. Nxd4 Nf6 5. Nc3 Nc6 6. Bg5 e6 7. Qd2 a6 8. O-O-O Bd7 9. f4 b5 10. Nxc6 Bxc6 11. Qe3 Qa5 12. Kb1 b4 13. Bxf6 gxf6 14.
Nd5 Bg7 15. Nb6 Rd8 16. Nc4 Qc7 17. f5 Ke7 18. Be2 h5 19. fxe6 fxe6 20. Qg3 Bh6 21. Bf3 Bxe4 22. Bxe4 Qxc4 23. Rhe1 d5 24. Bd3 Qf4 25.
Qxf4 Bxf4 26. g3 Be5 27. Bxa6 h4 28. Rd3 hxg3 29. hxg3 Rdg8 30. Rb3 Bd6 31. c3 Rxg3 32.
cxb4 Rxb3 33. axb3 Bxb4 34. Re2 e5 35. Bb5 e4 36.
Rc2 Kd6 37. Rc6+ Ke5 38. Rc7 d4 39. Kc2 Rh2+ 0-1

[Event "*** Titled Tuesday Blitz"]
[Site "Chess.com"]
[Date "2021.03.30"]
[Round "7"]
[White "Carnivoras"]
[Black "paulrusan"]
[Result "0-1"]
[WhiteElo "2566"]
[BlackElo "2311"]
[TimeControl "180+1"]
[EndTime "11:18:09 PDT"]
[Termination "paulrusan won by resignation"]

1. d4 Nf6 2. c4 g6 3. Nc3 Bg7 4. e4 d6 5. Bd3 O-O 6. Nge2 Nc6 7. O-O Nh5 8. Be3 e5 9. d5 Nd4 10. Qd2 c6 11. Bh6 f5 12. Bxg7 Kxg7 13. Nxd4 exd4 14. Ne2 fxe4 15. Bxe4 c5 16. b4 b6 17. Ng3 Nf4 18. Ne2 Qg5 19. Nxf4 Qxf4 20. Qd3 Bf5 21. Rae1 Rae8 22.
Bxf5 Qxf5 23. Qg3 Re5 24. bxc5 bxc5 25. h3 h5 26. Kh1 Qf4 27. Qa3 Rxe1 28. Rxe1 Qxf2 29.
Re7+ Rf7 30. Rxa7 Qf1+ 31. Kh2 Qxc4 32. Ra6 Qxd5 33. Qd3 c4 34. Qg3 Qe5 35. Rxd6 Qxg3+ 36.
Kxg3 d3 37. a4 Rc7 0-1

[Event "*** Titled Tuesday Blitz"]
[Site "Chess.com"]
[Date "2021.03.30"]
[Round "7"]
[White "Chessmasterzt"]
[Black "Rital44"]
[Result "1-0"]
[WhiteElo "2614"]
[BlackElo "2434"]
[TimeControl "180+1"]
[EndTime "11:18:10 PDT"]
[Termination "Chessmasterzt won by resignation"]

1. d4 Nf6 2. c4 e6 3. g3 d5 4. Bg2 dxc4 5. Qa4+ Nc6 6. Nf3 Bb4+ 7.
Bd2 Bxd2+ 8. Nbxd2 O-O 9. Qxc4 Qd5 10. O-O Rd8 11. e3 Ne4 12. Rfc1 Nxd2 13. Nxd2 Qxc4 14.
Nxc4 Bd7 15. Rc3 Be8 16. Rac1 f6 17. a3 Rab8 18. Bxc6 bxc6 19. Na5 Rxb2 20. Nxc6 Bxc6 21. Rxc6 e5 22. dxe5 Rdd2 23. Rf1 fxe5 24. Rxc7 a6 25. Rc6 Ra2 26. Rxa6 Rd3 27. Ra5 Rdxa3 28. Rxe5 h6 29. h4 Rb3 30. Rf5 Rbb2 31. Rf4 Kh7 32. Kg2 g5 33.
hxg5 hxg5 34. Rf5 Kg6 35. Rf8 Re2 36. Re8 Kf7 37. Re4 Kg6 38. Kf3 Reb2 39. Re6+ Kf5 40.
Re8 Kf6 41. g4 Rb7 42. Kg3 Rh7 43. Rf8+ Kg7 44. Rf5 Kg6 45. Rb1 1-0

[Event "*** Titled Tuesday Blitz"]
[Site "Chess.com"]
[Date "2021.03.30"]
[Round "7"]
[White "Kretov_Evgenij"]
[Black "zmeeed67"]
[Result "1-0"]
[WhiteElo "2565"]
[BlackElo "2414"]
[TimeControl "180+1"]
[EndTime "11:18:11 PDT"]
[Termination "Kretov_Evgenij won by resignation"]

1. d4 d5 2. c4 e6 3. Nc3 c6 4. e3 Nf6 5. Nf3 Nbd7 6. Bd3 dxc4 7. Bxc4 b5 8. Be2 Bb7 9. O-O a6 10. e4 c5 11. e5 Nd5 12. Ne4 cxd4 13. a4 b4 14. Bg5 Qb8 15. Qxd4 Qa7 16. Qd2 Nc5 17. Nxc5 Bxc5 18. Rac1 Rc8 19. Rc4 h6 20. Bh4 Be7 21.
Bxe7 Kxe7 22. Rfc1 Rxc4 23. Bxc4 Rc8 24. Nd4 Qc5 25.
Nb3 Qb6 26. a5 Qd8 27. Bxd5 Rxc1+ 28. Qxc1 Qxd5 29. Qc5+ Kd7 30. Qxd5+ Bxd5 31. Nc5+ Kc6 32. Nxa6 Kb5 33. Nc7+ Kxa5 34. Nxd5 exd5 35. f4 Kb5 36. f5 Kc5 37. Kf2 d4 38. Kf3 Kd5 39. e6 fxe6 40.
fxe6 Kxe6 41. Ke4 g5 42. Kxd4 Kf5 43. Kc4 Kf4 44. Kxb4 Ke3 45. Kc3 Kf2 46. g4 Kf3 47.
b4 Kxg4 48. b5 Kh3 49. b6 Kxh2 50. b7 g4 51. b8=Q+ g3 52. Qf4 h5 53. Qh4+ Kg2 54. Qxh5 1-0

[Event "*** Titled Tuesday Blitz"]
[Site "Chess.com"]
[Date "2021.03.30"]
[Round "7"]
[White "fabianvivasz"]
[Black "AldokhinIvan"]
[Result "1-0"]
[WhiteElo "2408"]
[BlackElo "2514"]
[TimeControl "180+1"]
[EndTime "11:18:11 PDT"]
[Termination "fabianvivasz won by checkmate"]

1. c4 Nf6 2. Nf3 g6 3. g3 Bg7 4. Bg2 O-O 5. O-O d6 6. d4 Nc6 7. Nc3 Bf5 8. Re1 Ne4 9. Nh4 Nxd4 10. Nxe4 Bxe4 11. Bxe4 c6 12. Bg2 e5 13. b3 f5 14.
e3 Ne6 15. Ba3 e4 16. Rc1 Be5 17. f4 exf3 18. Nxf3 Qa5 19. Nxe5 Qxa3 20. Nf3 Rae8 21. e4 Qc5+ 22. Kh1 f4 23. Qd2 g5 24. b4 Qb6 25. Bh3 fxg3 26. Nxg5 Rf2 27. Re2 Rxe2 28. Bxe6+ Rxe6 29. Qxe2 Rg6 30. Qh5 Qe3 31. Qxh7+ Kf8 32.
Qf7# 1-0

[Event "*** Titled Tuesday Blitz"]
[Site "Chess.com"]
[Date "2021.03.30"]
[Round "7"]
[White "Spriteball"]
[Black "Andrii_Prydun"]
[Result "0-1"]
[WhiteElo "2362"]
[BlackElo "2277"]
[TimeControl "180+1"]
[EndTime "11:18:11 PDT"]
[Termination "Andrii_Prydun won by checkmate"]

1. d4 d5 2. c4 c6 3. Nf3 Nf6 4. Nc3 e6 5. e3 Nbd7 6. Bd3 Be7 7. O-O O-O 8. Qc2 b6 9. e4 dxe4 10. Nxe4 Bb7 11. b3 c5 12. Bb2 cxd4 13.
Bxd4 Nxe4 14. Bxe4 Bxe4 15. Qxe4 Nf6 16. Qe2 Qc8 17.
Rfd1 Rd8 18. a3 Qb7 19. b4 Rd7 20. Bb2 Rad8 21. Ne5 Rxd1+ 22. Rxd1 Rxd1+ 23. Qxd1 Qe4 24. h3 h6 25. Qd3 Qe1+ 26. Kh2 Qxf2 27. Bc1 Qe1 28.
Bb2 Ne4 29. Qf3 f5 30. Qh5 Qg3+ 31. Kh1 Nd6 32. c5 bxc5 33. bxc5 Bf6 34. Qe2 Ne4 35. Qc4 Nf2+ 36. Kg1 Nxh3+ 37. Kh1 Qe1+ 38. Kh2 Bxe5+ 39. Bxe5 Qxe5+ 40. Kxh3 g5 41. c6 g4+ 42. Kh4 Qh2# 0-1

[Event "*** Titled Tuesday Blitz"]
[Site "Chess.com"]
[Date "2021.03.30"]
[Round "7"]
[White "BvsN"]
[Black "Susik_Gaboyan"]
[Result "1-0"]
[WhiteElo "2378"]
[BlackElo "2243"]
[TimeControl "180+1"]
[EndTime "11:18:12 PDT"]
[Termination "BvsN won by resignation"]

1. c4 Nf6 2. Nc3 d5 3. cxd5 Nxd5 4. Nf3 g6 5. h4 h6 6. e4 Nxc3 7. dxc3 Bg7 8. Qxd8+ Kxd8 9. Bf4 Nc6 10. Bc4 e5 11.
Be3 Be6 12. Bxe6 fxe6 13. Nd2 Ke7 14. Ke2 Rad8 15. a4 Rd7 16. Nc4 Rhd8 17. Rad1 Rxd1 18.
Rxd1 Rxd1 19. Kxd1 h5 20. Ke2 Kd7 21. b4 a6 22. f3 Ne7 23. a5 Nc8 24. Bf2 Nd6 25. Kd3 Nxc4 26. Kxc4 Bf6 27. Bg3 Kc6 28. Bf2 Be7 29.
Be1 Bf6 30. g3 Be7 31. Bd2 Bf6 32. Bh6 Kd6 33. Bf8+ Kc6 34. Kb3 Kd7 35. c4 Kc6 36. Ka4 Kd7 37. b5 Kc8 38. Kb4 Kd7 39. c5 axb5 40. Kxb5 c6+ 41. Kb6 Kc8 42. a6 Bd8+ 43. Ka7 bxa6 44. Kxa6 Kd7 45. Bd6 Bf6 46. Kb7 Bg7 47.
g4 Bf6 48. g5 Bg7 49. Kb8 Bh8 50. Bf8 Ke8 51. Bh6 Kd7 52. Kb7 Ke7 53. Kxc6 1-0

[Event "*** Titled Tuesday Blitz"]
[Site "Chess.com"]
[Date "2021.03.30"]
[Round "7"]
[White "MuhittinBuker"]
[Black "ajdemipopushi"]
[Result "0-1"]
[WhiteElo "2202"]
[BlackElo "2346"]
[TimeControl "180+1"]
[EndTime "11:18:14 PDT"]
[Termination "ajdemipopushi won on time"]

1. d4 Nf6 2. c4 c5 3. d5 b5 4. a4 b4 5. b3 g6 6. Bb2 Bg7 7. Nd2 O-O 8. e4 e6 9. Ngf3 exd5 10. exd5 Re8+ 11. Be2 Qe7 12. Kf1 d6 13. Bd3 Nbd7 14. Qc2 Nh5 15. Bxg7 Kxg7 16. Re1 Qf8 17. Rxe8 Qxe8 18.
g3 Ne5 19. Kg2 Bg4 20. Re1 f6 21. h3 Bd7 22. Nxe5 fxe5 23. Ne4 Qf8 24. Qd2 h6 25.
Rf1 Re8 26. Qc2 Bf5 27. Kh2 Bxe4 28. Bxe4 Qf6 29. Qe2 Rf8 30. f3 Kh7 31. Kg2 Rf7 32. Qe3 Ng7 33. g4 Kg8 34. Kg3 Ne8 35. Qxh6 Rg7 36. Qe3 Kf8 37. f4 Ke7 38. Rf3 Rh7 0-1

[Event "*** Titled Tuesday Blitz"]
[Site "Chess.com"]
[Date "2021.03.30"]
[Round "7"]
[White "chessmachine14"]
[Black "MikeSailer"]
[Result "1-0"]
[WhiteElo "2329"]
[BlackElo "2127"]
[TimeControl "180+1"]
[EndTime "11:18:14 PDT"]
[Termination "chessmachine14 won by resignation"]

1. e4 d5 2. exd5 Qxd5 3. Qf3 Qxf3 4. Nxf3 Nf6 5. Be2 Bf5 6. d3 Nc6 7. h3 O-O-O 8. Bf4 h6 9. Nbd2 g5 10. Bh2 e6 11. O-O-O Bc5 12. Rhf1 g4 13. hxg4 Nxg4 14. Bg3 h5 15. Nh4 Bh7 16. Ndf3 Ne7 17. d4 Bd6 18. Ng5 Bxg3 19. fxg3 Bg6 20. Nxg6 fxg6 21. Bxg4 hxg4 22. Nf7 Nf5 23. Nxd8 Rxd8 24. Rf4 g5 25. Re4 Nxg3 26. Rxg4 Ne2+ 27. Kb1 Rd5 28. c3 Kd7 29. Re4 Nf4 30. g3 Nh5 31. Re3 g4 32. Rde1 Ng7 33. Re4 Rg5 34. Kc2 Rg6 35. Kd3 Nf5 36. Rg1 Rh6 37. Rxg4 Rh2 38. Re4 Rxb2 39. Re2 Rb5 40. g4 Ng7 41. g5 Rf5 42. g6 Ke7 43. Rh2 Kf6 44. Rh8 Ra5 45. Rf8+ Ke7 46. Rf7+ 1-0

[Event "*** Titled Tuesday Blitz"]
[Site "Chess.com"]
[Date "2021.03.30"]
[Round "7"]
[White "DFeco"]
[Black "AthanasiusLefebvre"]
[Result "1-0"]
[WhiteElo "2319"]
[BlackElo "2045"]
[TimeControl "180+1"]
[EndTime "11:18:14 PDT"]
[Termination "DFeco won on time"]

1. c4 Nf6 2. g3 g6 3. Bg2 Bg7 4. Nc3 O-O 5. e4 d6 6. Nge2 c5 7. O-O Nc6 8. d3 a6 9. h3 Rb8 10. a4 e6 11. Be3 Bd7 12. d4 cxd4 13. Nxd4 Ne5 14. b3 Qc7 15. f4 Nc6 16. Rc1 e5 17. Nde2 Nb4 18. f5 h5 19. Nd5 Nfxd5 20. cxd5 Qd8 21.
g4 hxg4 22. hxg4 Qh4 23. Nc3 Bh6 24. Bxh6 Qxh6 25. Qf3 b5 26. a5 Qg5 27. Kf2 Rbc8 28. Ne2 Qd2 29. Rxc8 Rxc8 30. f6 Nd3+ 31. Kg1 Ne1 32. Qh3 Nxg2 33. Qxg2 Rc2 34. Rf2 Qe3 35. g5 1-0

[Event "*** Titled Tuesday Blitz"]
[Site "Chess.com"]
[Date "2021.03.30"]
[Round "7"]
[White "Tacticus_Severus"]
[Black "BeyondMadness"]
[Result "1-0"]
[WhiteElo "2075"]
[BlackElo "2270"]
[TimeControl "180+1"]
[EndTime "11:18:15 PDT"]
[Termination "Tacticus_Severus won on time"]

1. e4 c5 2. Nf3 Nc6 3. d4 cxd4 4. Nxd4 Nf6 5. Nc3 e5 6. Ndb5 d6 7. Bg5 a6 8. Na3 b5 9. Nd5 Be7 10. Bxf6 Bxf6 11. c3 O-O 12. Nc2 Rb8 13. Ncb4 Nxb4 14.
Nxb4 Bb7 15. Nd5 Bg5 16. Be2 Rc8 17. a4 bxa4 18. Rxa4 a5 19. O-O g6 20. b4 axb4 21.
cxb4 f5 22. Bf3 Rc1 23. Qb3 Rxf1+ 24. Kxf1 Kh8 25. b5 fxe4 26. Bxe4 Bxd5 27. Qxd5 Qb6 28. Bf3 Bd8 29. Ra6 Qb8 30. Rxd6 Bf6 31. b6 Qc8 32. b7 Qc1+ 33. Qd1 Qc4+ 34. Qe2 Qc1+ 35. Rd1 Qc7 36.
g3 Re8 37. Qe4 Bg7 38. Kg2 1-0

[Event "*** Titled Tuesday Blitz"]
[Site "Chess.com"]
[Date "2021.03.30"]
[Round "7"]
[White "anon219"]
[Black "Tenamu"]
[Result "0-1"]
[WhiteElo "2850"]
[BlackElo "2485"]
[TimeControl "180+1"]
[EndTime "11:18:16 PDT"]
[Termination "Tenamu won by resignation"]

1. e4 e6 2. d4 d5 3. Nd2 c5 4. exd5 Qxd5 5. dxc5 Nf6 6. Ngf3 Qxc5 7. Bd3 Qc7 8. O-O Be7 9. Re1 O-O 10. Ne4 b6 11. Nfg5 h6 12. Nxf6+ Bxf6 13. Nh7 Nd7 14. Nxf8 Nxf8 15. Qf3 Bb7 16. Qg3 Rc8 17. Qxc7 Rxc7 18. c3 Nd7 19. Be4 Ba6 20. Bf4 Rc4 21. Rad1 Nc5 22.
f3 Ra4 23. a3 Bh4 24. Bg3 Bg5 25. h4 Be7 26. Bc2 Rc4 27. Re3 Na4 28. Bd3 Bc5 29. Bf2 Bxe3 30. Bxe3 Nxb2 31. Bxc4 Nxd1 32. Bxa6 Nxe3 33. Bd3 Kf8 34. c4 Ke7 35. Kf2 Nd1+ 36.
Ke2 Nb2 37. Kd2 Nxd3 38. Kxd3 Kd6 39. Ke3 Kc5 40. Kd3 a5 41. Kc3 a4 42. g3 g5 43.
hxg5 hxg5 44. Kd3 f6 45. f4 gxf4 46. gxf4 e5 47. f5 e4+ 48. Kxe4 Kxc4 49. Kf4 Kd5 50. Kg4 Ke5 0-1

[Event "*** Titled Tuesday Blitz"]
[Site "Chess.com"]
[Date "2021.03.30"]
[Round "7"]
[White "Ranindu2003"]
[Black "Srisshhhtea"]
[Result "1-0"]
[WhiteElo "2613"]
[BlackElo "2367"]
[TimeControl "180+1"]
[EndTime "11:18:16 PDT"]
[Termination "Ranindu2003 won on time"]

1. e4 e6 2. d4 d5 3. Nd2 Nc6 4. Ngf3 Nf6 5. e5 Nd7 6. c4 dxc4 7. Nxc4 Be7 8. a3 O-O 9. Bd3 Nb6 10. Nxb6 axb6 11. O-O Bd7 12. Be4 Na5 13. Qc2 h6 14. b4 Nc6 15. Be3 Qb8 16. Rfd1 Rd8 17. Qc1 Be8 18. Bxh6 f5 19. exf6 Bxf6 20. Bg5 Nxd4 21.
Nxd4 Rxd4 22. Bxf6 Rxd1+ 23. Qxd1 gxf6 24. Qg4+ Kf7 25.
Re1 Qc8 26. Qh3 f5 27. Qh7+ Kf6 28. Qh4+ Kg7 29. Bxf5 Rxa3 30. Qg5+ Kf7 31. Bg6+ Kf8 32. Qf6+ Kg8 33. Bc2 1-0